 Dungeon Crawl Stone Soup version 0.16-a0-4123-g49b462e (console) character file.

1113 Monkaria the Carver (level 8, -3/78 HPs)
             Began as a Minotaur Chaos Knight on Mar 2, 2015.
             Killed by Freeze
             ... invoked by inmateoo's ghost
              (5 damage)
             ... on level 3 of the Dungeon.
             The game lasted 00:12:24 (3551 turns).

Monkaria the Carver (Minotaur Chaos Knight)         Turns: 3551, Time: 00:12:24

Health: -3/78      AC:  9    Str: 18    XL:     8   Next: 11%
Magic:  2/3        EV: 11    Int:  9    God:    Xom [..*...]
Gold:   202        SH:  0    Dex: 11    Spells: 0 memorised, 7 levels left

rFire  . . .     SeeInvis .     a - +1 falchion (chaos)
rCold  . . .     Clarity  .     b - +3 leather armour
rNeg   . . .     SustAb   +     (no shield)
rPois  .         Gourm    .     (helmet restricted)
rElec  .         Spirit   .     q - +1 cloak
rCorr  .         Warding  .     (no gloves)
rMut   .         Stasis   .     (no boots)
MR     .....                    (no amulet)
Stlth  +.........               (no ring)
                                h - ring of sustain abilities

@: about to teleport, drained, not resistant to hostile enchantments, very
unstealthy
A: retaliatory headbutt, horns 2
a: Renounce Religion


You were on level 3 of the Dungeon.
You worshipped Xom.
You were a toy of Xom.
You were not hungry.

You visited 1 branch of the dungeon, and saw 4 of its levels.

You collected 202 gold pieces.

Inventory:

Hand weapons
 a - a +1 falchion of chaos (weapon)
 s - a +0 halberd of distortion
Armour
 b - a +3 leather armour (worn)
 q - a +1 cloak (worn)
 r - a +1 leather armour of poison resistance
Jewellery
 h - a ring of sustain abilities (left hand)
Scrolls
 d - a scroll of enchant weapon
 k - 2 scrolls of identify
 m - a scroll of fog
Comestibles
 c - 2 bread rations
 i - a slice of pizza
 j - 2 meat rations
 p - 8 chunks of flesh


   Skills:
 - Level 9.2(8.9) Fighting
 - Level 12.0(11.7) Long Blades
 + Level 7.7(7.4) Armour
 - Level 1.1(0.8) Dodging


You had 7 spell levels left.
You didn't know any spells.

Dungeon Overview and Level Annotations

Branches:
Dungeon (4/15)
 Temple: D:4-7

Altars:
Dithmenos
Gozag
Sif Muna

Annotations:
D:3 Natasha; inmateoo's ghost, average OpIE


Innate Abilities, Weirdness & Mutations

You reflexively headbutt those who attack you in melee.
You have a pair of horns on your head.


Message History

Okay, then.
You barely miss the white imp.
The white imp is severely wounded.
Inmateoo's ghost hits you.
* * * LOW HITPOINT WARNING * * *
You feel your power leaking away. The white imp hits you.
* * * LOW HITPOINT WARNING * * *
The white imp freezes you.
* * * LOW HITPOINT WARNING * * *
Natasha gestures.
You have a terrible headache.
You aren't carrying any potions.
Unknown command.
You closely miss the white imp.
The white imp is severely wounded.
Inmateoo's ghost points at you and mumbles some strange words.
You are frozen.
You die...
Xom bursts into laughter!

#.#######.##.##.######.##.###.#.
#.# ##.#.#..# ###.#...# #.#( #.#
##...#.# #......>###.#. #.#
##.##.# #.##...W....#. #.# #.##.#
#............. #.#
##.##.###............. #.#
##...#.......W......... #.#
##.###W####.##..........
##.#######.## ##@# #.##....#.##..
#.....>....# #5# #.##[...#.##.#
#..######..## ##h###.##.#........
#..####.....# #.55...##.####.....
#(...##.#...#*#####..##.#**####..
#.##.#.....##,,,*#.....##,,,*#...
#.##.#>.####,,,,,##...##,,,,∆##..
#.##......#,,,,,,,#...#,,,,,,,#..
#.........#,,,,,,,+...',,,,,,,#..


You could see an iron imp, Natasha, inmateoo's ghost, a crimson imp and a white
imp.

Vanquished Creatures
  The ghost of barkface the Covered, an average MiFi (D:4)
  2 giant frogs (D:4)
  A scorpion (D:4)
  2 gnoll shamans (D:4)
  A hound (D:4)
  An iguana (D:4)
  An orc wizard (D:3)
  3 worker ants (D:4)
  2 adders
  23 gnolls (D:4)
  An adder skeleton (D:4)
  2 giant geckos
  2 orcs (D:3)
  6 bats
  A bat skeleton (D:4)
  A giant cockroach (D:1)
  8 hobgoblins
  14 jackals (D:4)
  6 kobolds (D:1)
  A quokka (D:4)
  A ball python (D:3)
  2 giant newts (D:1)
  2 goblins (D:2)
  9 rats
93 creatures vanquished.

Vanquished Creatures (collateral kills)
  A gnoll sergeant (D:4)
  8 gnolls (D:4)
  An orc (D:4)
10 creatures vanquished.

Vanquished Creatures (others)
  A crimson imp (D:4)
  An iron imp (D:4)
  An adder (D:2)
  An ufetubus (D:4)
  A butterfly (D:4)
5 creatures vanquished.

Grand Total: 108 creatures vanquished

Notes
Turn   | Place    | Note
--------------------------------------------------------------
     0 | D:1      | Monkaria, the Minotaur Chaos Knight, began the quest for the Orb.
     0 | D:1      | Reached XP level 1. HP: 19/19 MP: 1/1
   157 | D:1      | Reached skill level 4 in Long Blades
   178 | D:1      | Reached XP level 2. HP: 21/27 MP: 1/1
   279 | D:1      | XOM: colour smoke trail
   421 | D:1      | XOM: silly message
   544 | D:2      | Reached XP level 3. HP: 25/33 MP: 2/2
   638 | D:2      | XOM: harmless Air miscast
   694 | D:2      | Found a shadowy altar of Dithmenos.
   770 | D:2      | XOM: potion effect (berserk rage)
   774 | D:2      | Reached skill level 5 in Long Blades
   983 | D:3      | XOM: noise
  1013 | D:3      | Reached XP level 4. HP: 38/41 MP: 2/2
  1054 | D:3      | Found an opulent altar of Gozag.
  1087 | D:3      | Noticed Natasha
  1113 | D:3      | Noticed inmateoo's ghost (average OpIE)
  1124 | D:3      | XOM: potion effect (experience)
  1124 | D:3      | Reached skill level 9 in Fighting
  1124 | D:3      | Reached skill level 12 in Long Blades
  1124 | D:3      | Reached XP level 5. HP: 46/57 MP: 2/2
  1132 | D:3      | XOM: enchant monster (bad)
  1176 | D:3      | XOM: harmless Hex miscast
  1425 | D:3      | XOM: divination: detect items
  1465 | D:3      | XOM: destruction
  1789 | D:4      | XOM: vitrification
  2033 | D:4      | Reached XP level 6. HP: 55/63 MP: 3/3
  2136 | D:4      | Found a deep blue altar of Sif Muna.
  2250 | D:4      | XOM: summons 6 friendly demons
  2300 | D:4      | XOM: polymorph gnoll -> quokka
  2345 | D:4      | XOM: blink monster(s)
  2458 | D:4      | XOM: give mutations
  2458 | D:4      | Gained mutation: Your natural rate of healing is unusually fast. [Xom's grace]
  2458 | D:4      | Gained mutation: Your system is resistant to poisons. [Xom's grace]
  2458 | D:4      | Gained mutation: Your spells are a little harder to cast, but a little more powerful. [Xom's grace]
  2596 | D:4      | Reached skill level 5 in Armour
  2596 | D:4      | Reached XP level 7. HP: 58/70 MP: 3/3
  2751 | D:4      | XOM: 2-stop teleportation journey
  2784 | D:4      | XOM: silly message
  2791 | D:4      | XOM: potion effect (haste)
  2966 | D:4      | XOM: divination: detect items
  3167 | D:4      | Noticed barkface's ghost (average MiFi)
  3169 | D:4      | XOM: potion effect (berserk rage)
  3177 | D:4      | Killed barkface's ghost
  3177 | D:4      | Reached XP level 8. HP: 78/78 MP: 3/3
  3479 | D:4      | XOM: cast spell 'Summon Butterflies'
  3521 | D:3      | XOM: noise
  3525 | D:3      | XOM: divination: magic mapping
  3536 | D:3      | XOM: silly message
  3540 | D:3      | Lost mutation: Your spells are a little harder to cast, but a little more powerful. [potion of cure mutation]
  3540 | D:3      | Lost mutation: Your natural rate of healing is unusually fast. [potion of cure mutation]
  3540 | D:3      | Lost mutation: Your system is resistant to poisons. [potion of cure mutation]
  3550 | D:3      | HP: 2/78 [white imp[Natasha] (2)]
  3551 | D:3      | Killed from afar by inmateoo's ghost

Action                   |  1- 3 |  4- 6 |  7- 9 || total
-------------------------+-------+-------+-------++-------
Melee: Falchion          |    74 |   115 |   115 ||   304
  Use: Scroll            |       |     5 |     3 ||     8
       Potion            |       |     1 |     5 ||     6
 Stab: Confused          |     1 |     1 |       ||     2
       Petrifying        |       |     2 |       ||     2
       Paralysed         |       |       |     4 ||     4
  Eat: Chunk             |     1 |     5 |     4 ||    10
